 Dungeon Crawl Stone Soup version 0.29-a0-857-g9b1aa3ac5b (webtiles) character file.

Game seed: 8673057648224385018

272 buhh the Insei (level 6, -2/51 HPs)
             Began as a Meteoran Transmuter on July 16, 2022.
             Slain by a water moccasin (5 damage)
             ... on level 4 of the Dungeon.
             The game lasted 00:07:58 (1449 turns).

buhh the Insei (Meteoran Transmuter)                Turns: 1449, Time: 00:07:59

Health: -2/51      AC:  2    Str: 11    XL:     6   Next: 77%
Magic:  9/11       EV: 22    Int: 17    God:
Gold:   139        SH:  0    Dex: 20    Spells: 5/11 levels left

rFire   . . .      SeeInvis .     - Unarmed
rCold   . . .      Faith    .   (shield currently unavailable)
rNeg    . . .      Spirit   .   (body armour currently unavailable)
rPois   x          Reflect  .   (helmet currently unavailable)
rElec   .          Harm     .   (cloak currently unavailable)
rCorr   .          Rampage  .   (gloves currently unavailable)
Will    +....                   (boots currently unavailable)
Stlth   +.........              (no amulet)
HPRegen 0.17/turn               f - ring of willpower
MPRegen 0.12/turn               (no ring)

@: mighty, lethally poisoned (-2 -> -36), spider-form (expiring), glowing
A: venomous fangs, tiny, sense surroundings 1, otherworldly, glowing, explore
regen
a: End Transformation


You were on level 4 of the Dungeon.
You were a venomous arachnid creature.
You visited 1 branch of the dungeon, and saw 5 of its levels.

You collected 139 gold pieces.

Inventory:

Armour
 a - a +1 robe (melded)
Jewellery
 f - a ring of willpower (left front leg)
Wands
 c - a wand of polymorph (8)
Scrolls
 b - 5 scrolls of identify {unknown}
 e - 3 scrolls of teleportation {unknown}
 g - 2 scrolls of amnesia
 h - a scroll of fear {!d}
 i - a scroll of summoning {unknown}
 j - a scroll of blinking {unknown}
 l - a scroll of poison {unknown}
 n - a scroll of magic mapping {unknown}
Potions
 k - 2 potions of heal wounds {unknown}
 m - a potion of might


   Skills:
 * Level 3.2 Fighting
 * Level 4.3 Dodging
 * Level 5.1 Unarmed Combat
 - Level 3.1 Spellcasting
 * Level 3.9 Transmutations
 + Level 0.8 Poison Magic


You had 5 spell levels left.
You knew the following spells:

 Your Spells              Type           Power      Damage    Failure   Level
a - Beastly Appendage     Tmut           30%        N/A       12%         1
b - Wereblood             Tmut           15%        N/A       16%         2
c - Spider Form           Tmut/Pois      10%        N/A       41%         3

Your spell library contained the following spells:

 Spells                   Type           Power      Damage    Failure   Level
 Inner Flame              Hex/Fire       2%         N/A       67%         3
 Ice Form                 Ice/Tmut       9%         N/A       80%         4
 Cause Fear               Hex            1%         N/A       95%         4
 Discord                  Hex            1%         N/A       100%        8


Dungeon Overview and Level Annotations

Branches:
Dungeon (5/15) Zot: 1583
 Temple: D:4-7

Altars:
Fedhas
Hepliaklqana
Qazlal
Uskayaw

Annotations:
D:3 1 runed translucent door, Tollund's ghost, amateur GnWr


Innate Abilities, Weirdness & Mutations

You are a venomous arachnid creature.
You have poisonous fangs.
You are tiny and dextrous.
Your spellcasting is less reliable in this form.
Your armour is entirely melded.
You are incapable of wielding weapons or throwing items.
You passively map a small area around you.
You are easily found by Zot.
You glow in the dark.
You regain HP and MP as you explore.


Message History

The water moccasin is lightly wounded.
The water moccasin bites you.
You are poisoned.
The water moccasin poisons you!
You barely miss the water moccasin.
The water moccasin is lightly wounded.
You feel very sick. The water moccasin closely misses you.
You closely miss the water moccasin.
The water moccasin is lightly wounded.
You feel very sick. The water moccasin misses you.
You barely miss the water moccasin.
You feel sick.
The water moccasin bites you but does no damage.
The water moccasin bites you.
You hit the water moccasin.
The water moccasin is lightly wounded.
You feel very sick. The water moccasin closely misses you.
You hit the water moccasin.
The water moccasin is moderately wounded.
You feel sick. The water moccasin closely misses you.
You closely miss the water moccasin.
The water moccasin is moderately wounded.
You feel sick. The water moccasin misses you.
You bite the water moccasin!
The water moccasin is heavily wounded.
You feel sick. The water moccasin bites you!
* * * LOW HITPOINT WARNING * * *
You are lethally poisoned!
The water moccasin poisons you!
The water moccasin completely misses you.
It was a potion of might.
You feel very mighty all of a sudden.
m - a potion of might;
e - 3 scrolls labelled JUT TIOPUF Your transformation is almost over.
* * * LOW HITPOINT WARNING * * *
You feel extremely sick. The water moccasin bites you.
You die...

*** #.. #.#.# #.# #.#.#
#### #.#* ..#.# * ,...*
#.# #...## ** #.###.#
#....####
######..#..#####.#.....#
.......................#
########..######S###.###
#### ##...#* #s# ...#
#..#..# #.# ##.#
#.###....#..
...####.######.....*
.#....#......####[.#
.#............## ..#,* *
.#...........>)#*..#,,
.#............)# ###...#
.#.............# #...#


You could see a water moccasin.

Vanquished Creatures
  An ogre (D:4)
  A jelly (D:4)
  5 gnolls
  4 adders
  2 worms (D:4)
  4 orcs (D:4)
  4 bats
  7 endoplasms
  3 giant cockroaches
  8 goblins
  2 hobgoblins (D:4)
  3 jackals (D:4)
  3 quokkas
  7 ball pythons
  6 frilled lizards
  4 kobolds
  5 rats
69 creatures vanquished.

Notes
Turn   | Place    | Note
-------+----------+-------------------------------------------
     0 | D:1      | buhh the Meteoran Transmuter began the quest for the Orb.
     0 | D:1      | Reached XP level 1. HP: 16/16 MP: 5/5
    42 | D:1      | Reached XP level 2. HP: 23/23 MP: 4/6
    65 | D:1      | Found a faded altar of an unknown god.
    88 | D:1      | Reached XP level 3. HP: 25/28 MP: 6/8
   470 | D:2      | Reached skill level 4 in Unarmed Combat
   555 | D:2      | Reached XP level 4. HP: 36/36 MP: 9/9
   598 | D:2      | Reached XP level 5. HP: 41/41 MP: 8/10
   601 | D:2      | Learned a level 2 spell: Wereblood
   605 | D:2      | Learned a level 3 spell: Spider Form
   909 | D:3      | Found a stormy altar of Qazlal.
   982 | D:3      | Found a hide-covered altar of Uskayaw.
   982 | D:3      | Found a hazy altar of Hepliaklqana.
  1016 | D:3      | Found a runed translucent door.
  1024 | D:3      | Noticed Tollund's ghost (amateur GnWr)
  1153 | D:4      | Reached XP level 6. HP: 30/50 MP: 3/11
  1299 | D:4      | Noticed a water moccasin
  1345 | D:4      | Found a blossoming altar of Fedhas.
  1409 | D:5      | Entered Level 5 of the Dungeon
  1409 | D:5      | Noticed an ogre
  1409 | D:5      | Noticed an ogre
  1413 | D:5      | Noticed an ogre
  1419 | D:4      | Killed an ogre
  1420 | D:4      | Reached skill level 5 in Unarmed Combat
  1449 | D:4      | Slain by a water moccasin

Illustrated notes

Levels and vault maps discovered:
D:1:      minmay_arrival_open_corners, layout_basic,
          shapermc_ecumenical_altar_acropolis, minmay_tiny_reverse_x
D:2:      layout_loops_ring
D:3:      layout_loops_ring, mainiacjoe_overflow_boulevard,
          nicolae_overflow_two_pavilions, ebering_ghost_reflecting_pool
D:4:      layout_rooms, mainiacjoe_overflow_cross_hatched
D:5:      layout_cave_pools, kiku_gazebo_pond_becter,
          minmay_temple_entry_gardened_gates, water_boxes_lemuel

Skill      XL: |  1  2  3  4  5  6 |
---------------+-------------------+-----
Spellcasting   | 3 |  3.1
Unarmed Combat | 4 5 |  5.1
Transmutations | 3 |  3.9
Dodging        | 3 4 |  4.3
Fighting       | 2 3 |  3.2
Poison Magic   | |  0.8

Action                   |  1- 3 |  4- 6 || total
-------------------------+-------+-------++-------
Melee: Unarmed           |    56 |   144 ||   200
       Punch             |     1 |       ||     1
       Kick              |     4 |     9 ||    13
       Headbutt          |     3 |     4 ||     7
 Cast: Beastly Appendage |    12 |    12 ||    24
       Spider Form       |       |     8 ||     8
  Use: Potion            |     1 |     4 ||     5
       Scroll            |       |     3 ||     3
Armor: Robe              |    11 |    22 ||    33
       Skin              |     1 |    13 ||    14
Dodge: Dodged            |    36 |    83 ||   119

Table legend: (Time is in decaauts)
 A = Elapsed time spent in this place.
 B = Non-inter-level travel time spent in this place.
 C = Inter-level travel time spent in this place.
 D = Time resting spent in this place.
 E = Time spent auto-exploring this place.
 F = Levels seen in this place.
 G = Mean time per level.
                   A        B        C        D        E       F      G
               +--------+--------+--------+--------+--------+-----+--------+
         Total |   1415 |   1383 |     32 |      4 |      0 |   5 |  283.0 |
       Dungeon |   1415 |   1383 |     32 |      4 |      0 |   5 |  283.0 |
               +--------+--------+--------+--------+--------+-----+--------+

Top non-repeatable levels by time:
     D:2: 425 daAuts
     D:1: 410 daAuts
     D:3: 327 daAuts
     D:4: 246 daAuts
     D:5: 5 daAuts
